[Event "*** Titled Tuesday Blitz"]
[Site "Chess.com"]
[Date "2020.01.07"]
[Round "3"]
[White "MarcoRiehle"]
[Black "Pultis"]
[Result "1/2-1/2"]
[WhiteElo "2637"]
[BlackElo "2844"]
[TimeControl "180+2"]
[EndTime "13:35:24 PST"]
[Termination "Game drawn by repetition"]

1. e4 e5 2. Nf3 Nc6 3. Bc4 Bc5 4. c3 Nf6 5. d4 exd4 6. cxd4 Bb4+ 7. Kf1 Nxe4 8. d5 Ne7 9. Qd4 Nf6 10. Bg5 Ng6 11.
Bd3 Be7 12. Nc3 O-O 13. h4 Nh5 14. g4 Bf6 15. Qa4 b5 16. Nxb5 Bxg5 17. hxg5 Nhf4 18.
Qxf4 Nxf4 19. Bxh7+ Kh8 20. Bf5+ Kg8 21. Bh7+ Kh8 22.
Bf5+ Kg8 23. Bh7+ 1/2-1/2

[Event "*** Titled Tuesday Blitz"]
[Site "Chess.com"]
[Date "2020.01.07"]
[Round "3"]
[White "Witik"]
[Black "benhal"]
[Result "0-1"]
[WhiteElo "2663"]
[BlackElo "2363"]
[TimeControl "180+2"]
[EndTime "13:35:48 PST"]
[Termination "benhal won by resignation"]

1. d4 Nf6 2. Bf4 d5 3. e3 c5 4. c3 Nc6 5. Nd2 Bf5 6. Ngf3 cxd4 7. exd4 e6 8. Nh4 Bg4 9. Qb3 Bd6 10. Bxd6 Qxd6 11. h3 Bh5 12. g4 Bg6 13. Qxb7 Rb8 14.
Qa6 O-O 15. Nxg6 hxg6 16. Bb5 Rb6 17. Qa4 Rfb8 18. Bxc6 Rxc6 19. O-O-O Qc7 20. f3 Rxc3+ 21. bxc3 Qxc3+ 22. Qc2 Qa3+ 0-1

[Event "*** Titled Tuesday Blitz"]
[Site "Chess.com"]
[Date "2020.01.07"]
[Round "3"]
[White "Misi_95"]
[Black "Firouzja2003"]
[Result "0-1"]
[WhiteElo "2707"]
[BlackElo "3066"]
[TimeControl "180+2"]
[EndTime "13:35:49 PST"]
[Termination "Firouzja2003 won by resignation"]

1. e4 c5 2. f3 d5 3. exd5 Qxd5 4. Nc3 Qd8 5. Bb5+ Bd7 6. Bxd7+ Qxd7 7. Nge2 Nc6 8. d3 g6 9. Be3 b6 10. Qd2 Bg7 11.
h4 h5 12. O-O-O Nh6 13. Ng3 Nd4 14. Rde1 Nhf5 15. Nxf5 gxf5 16. Bg5 e6 17. Bf4 O-O-O 18. Be5 Bxe5 19. Rxe5 Rhg8 20. a4 Rg6 21. Rf1 Rdg8 22. Rf2 Qd8 23. a5 Qxh4 24. axb6 axb6 25. Na4 Rxg2 26.
Rxg2 Qh1+ 27. Re1 Qxg2 28. Nxb6+ Kb7 29. Nc4 Qxd2+ 30. Nxd2 h4 31. Rh1 h3 32. c3 h2 0-1

[Event "*** Titled Tuesday Blitz"]
[Site "Chess.com"]
[Date "2020.01.07"]
[Round "3"]
[White "Kimster98"]
[Black "WelshTiger"]
[Result "1-0"]
[WhiteElo "2600"]
[BlackElo "2380"]
[TimeControl "180+2"]
[EndTime "13:36:05 PST"]
[Termination "Kimster98 won by resignation"]

1. Nf3 c5 2. b3 Nc6 3. Bb2 d6 4. d4 cxd4 5. Nxd4 e5 6. Nb5 a6 7. N5c3 Nf6 8. e4 Be7 9. Nd2 b5 10. a4 b4 11. Nd5 Nxd5 12. exd5 Nb8 13. a5 O-O 14. Nc4 Nd7 15. Be2 Bb7 16. O-O Rb8 17.
Ra4 Nf6 18. Nb6 Ne4 19. Rxb4 f5 20. Nc4 Nc5 21. Ba3 Ne4 22. Rb6 Nc3 23. Qd2 Nxd5 24.
Rxb7 Rxb7 25. Qxd5+ 1-0

[Event "*** Titled Tuesday Blitz"]
[Site "Chess.com"]
[Date "2020.01.07"]
[Round "3"]
[White "LarissaSteenbekkers"]
[Black "Caracternin123"]
[Result "0-1"]
[WhiteElo "1709"]
[BlackElo "2524"]
[TimeControl "180+2"]
[EndTime "13:36:07 PST"]
[Termination "Caracternin123 won by checkmate"]

1. e4 Nf6 2. e5 Nd5 3. d4 d6 4.
Nf3 g6 5. Bc4 Nb6 6. Bb3 Bg7 7.
Qe2 O-O 8. h3 c5 9. c3 cxd4 10.
cxd4 Nc6 11. O-O Bf5 12. Nc3 Na5 13. Bg5 Nxb3 14. axb3 h6 15. Bh4 dxe5 16. dxe5 g5 17. Bg3 Bd3 18. Qe3 Bxf1 19. Rxf1 Nd5 20. Qe4 Nxc3 21. bxc3 e6 22. h4 f5 23. exf6 Qxf6 24. hxg5 hxg5 25. Be5 Qf5 26. Qe3 Bxe5 27. Nxe5 Rad8 28.
g3 Rd5 29. Re1 Rf6 30. c4 Rxe5 31. Qxe5 Qxf2+ 32. Kh1 Rh6# 0-1

[Event "*** Titled Tuesday Blitz"]
[Site "Chess.com"]
[Date "2020.01.07"]
[Round "3"]
[White "Caisachess"]
[Black "AminMolaei"]
[Result "0-1"]
[WhiteElo "2365"]
[BlackElo "2576"]
[TimeControl "180+2"]
[EndTime "13:36:12 PST"]
[Termination "AminMolaei won by resignation"]

1. e4 e5 2. Nf3 Nc6 3. Bc4 Bc5 4. d3 Nf6 5. O-O a6 6. c3 d6 7. b4 Ba7 8. h3 h6 9. Re1 g5 10. Nbd2 g4 11. hxg4 Nxg4 12. Re2 Rg8 13. Qb3 Qf6 14. a4 Qg7 15. Ne1 Nd8 16. Ndf3 Ne6 17. Be3 Nxe3 18. fxe3 Nf4 19. d4 Nxe2+ 20. Bxe2 Bh3 21. Bf1 Qg3 22. Rd1 Bg4 23. Be2 h5 24. Qd5 O-O-O 25. Qc4 h4 0-1

[Event "*** Titled Tuesday Blitz"]
[Site "Chess.com"]
[Date "2020.01.07"]
[Round "3"]
[White "DonPreuss"]
[Black "ehrenfeld"]
[Result "0-1"]
[WhiteElo "2146"]
[BlackElo "2541"]
[TimeControl "180+2"]
[EndTime "13:36:13 PST"]
[Termination "ehrenfeld won by resignation"]

1. d4 f5 2. e4 fxe4 3. Nc3 Nf6 4. Bg5 d5 5. f3 Nc6 6. fxe4 dxe4 7. d5 Ne5 8. Qd4 Nf7 9. Bxf6 exf6 10. Nxe4 Be7 11. O-O-O O-O 12. Nf3 f5 13. Nc3 Bf6 14. Qc4 Nd6 15.
Qb3 Bd7 16. Nd4 Bxd4 17. Rxd4 b5 18. Nxb5 Rb8 19. Rb4 a5 20. Nxd6 Rxb4 21. Qxb4 axb4 22. Nc4 Bb5 0-1

[Event "*** Titled Tuesday Blitz"]
[Site "Chess.com"]
[Date "2020.01.07"]
[Round "3"]
[White "jefferyx"]
[Black "econpower"]
[Result "1-0"]
[WhiteElo "2913"]
[BlackElo "2601"]
[TimeControl "180+2"]
[EndTime "13:36:14 PST"]
[Termination "jefferyx won by resignation"]

1. e4 c5 2. Nf3 Nc6 3. Bb5 d6 4. O-O Bd7 5. Re1 Nf6 6. c3 Ne5 7. Bxd7+ Qxd7 8. d4 Nxf3+ 9. Qxf3 cxd4 10. cxd4 e6 11. Nc3 Be7 12. Bg5 O-O 13. Rad1 h6 14. Bh4 Nh7 15. Bxe7 Qxe7 16. e5 d5 17. Nb5 Rfc8 18.
Nd6 Rc7 19. Rc1 f5 20. Qb3 b6 21. Rc3 Ng5 22. Rec1 Rxc3 23. Qxc3 Ne4 24. Qc7 Qg5 25.
Qf7+ Kh7 26. Rc7 Rg8 27. Qxe6 Rf8 28. Qe7 1-0

[Event "*** Titled Tuesday Blitz"]
[Site "Chess.com"]
[Date "2020.01.07"]
[Round "3"]
[White "The_Bestplayer"]
[Black "josiwales"]
[Result "1-0"]
[WhiteElo "2873"]
[BlackElo "2641"]
[TimeControl "180+2"]
[EndTime "13:36:21 PST"]
[Termination "The_Bestplayer won by resignation"]

1. e4 c5 2. Nf3 Nc6 3. d4 cxd4 4. Nxd4 Nf6 5. Nc3 e5 6. Ndb5 d6 7. Bg5 a6 8. Na3 b5 9. Nab1 Be7 10. Bxf6 Bxf6 11.
a4 b4 12. Nd5 Bg5 13. Bc4 O-O 14.
O-O Be6 15. c3 a5 16. Qd3 Kh8 17. Nd2 f5 18. Rad1 Rc8 19. Nb6 Bxc4 20. Ndxc4 fxe4 21. Qxe4 Rf4 22. Qd5 Ne7 23. Qxd6 Qxd6 24. Nxd6 Rc5 25.
cxb4 Rxb4 26. Nf7+ Kg8 27. Nxg5 1-0

[Event "*** Titled Tuesday Blitz"]
[Site "Chess.com"]
[Date "2020.01.07"]
[Round "3"]
[White "Szczor"]
[Black "JMatias"]
[Result "0-1"]
[WhiteElo "2587"]
[BlackElo "2415"]
[TimeControl "180+2"]
[EndTime "13:36:36 PST"]
[Termination "JMatias won by checkmate"]

1. e4 e5 2. Nf3 Nc6 3. Bb5 a6 4. Ba4 Nf6 5. O-O Be7 6. d3 b5 7. Bb3 d6 8. a4 Rb8 9. axb5 axb5 10. Nc3 O-O 11. Nd5 Bg4 12. c3 Nxd5 13. Bxd5 Qd7 14. h3 Be6 15. Bxe6 fxe6 16. Nh2 Kh8 17. Qg4 b4 18. f4 exf4 19. Bxf4 bxc3 20. bxc3 Bf6 21.
d4 Qe7 22. Bd2 Rb2 23. Nf3 e5 24. d5 Nb8 25. Bg5 Nd7 26. Bxf6 gxf6 27. Nh4 Rg8 28. Qe6 Qg7 29. g4 Qh6 30. Qxd7 Qe3+ 31. Kh1 Qxh3+ 32. Kg1 Qh2# 0-1

[Event "*** Titled Tuesday Blitz"]
[Site "Chess.com"]
[Date "2020.01.07"]
[Round "3"]
[White "Bagirova"]
[Black "Chessmatus"]
[Result "0-1"]
[WhiteElo "2111"]
[BlackElo "2347"]
[TimeControl "180+2"]
[EndTime "13:36:39 PST"]
[Termination "Chessmatus won by resignation"]

1. e4 c5 2. Nf3 d6 3. d4 cxd4 4.
Nxd4 Nf6 5. Nc3 a6 6. a4 g6 7. Be3 Bg7 8. Be2 O-O 9. O-O Nc6 10. h3 Bd7 11. Nb3 Rc8 12. f4 Na5 13. Nxa5 Qxa5 14. Qd2 Rxc3 15. Qxc3 Qxc3 16. bxc3 Nxe4 17. Bd4 Nxc3 18.
Bxg7 Nxe2+ 19. Kf2 Kxg7 20. Kxe2 Rc8 21. Kd3 Bf5+ 22.
Ke3 Rxc2 23. Rf2 Rc3+ 24. Kd4 Rd3+ 25. Kc4 Rg3 26. Rb2 Be4 27. Kd4 Bc6 28. Re1 Kf6 29. Ree2 e6 30. a5 Kf5 31. Rf2 Ra3 32. Ra2 Rg3 33.
Rab2 h5 34. Rbc2 h4 35. Rb2 Ra3 36. Ra2 Rxa2 37. Rxa2 Kxf4 38. Rf2+ Kg3 39. Rxf7 Bxg2 40. Rg7 Bxh3 41. Rxg6+ Bg4 42. Rg7 h3 43. Rxb7 h2 0-1

[Event "*** Titled Tuesday Blitz"]
[Site "Chess.com"]
[Date "2020.01.07"]
[Round "3"]
[White "AndrewMaco"]
[Black "FrogMist"]
[Result "1/2-1/2"]
[WhiteElo "2619"]
[BlackElo "2418"]
[TimeControl "180+2"]
[EndTime "13:36:43 PST"]
[Termination "Game drawn by repetition"]

1. e4 e5 2. Nf3 Nc6 3. Bb5 a6 4. Ba4 Nge7 5. O-O g6 6. h3 Bg7 7. c3 O-O 8. d4 exd4 9. cxd4 b5 10. Bc2 d6 11. a4 Bb7 12. Nc3 b4 13. Ne2 Na5 14. Ng3 c5 15. d5 h6 16. h4 f5 17.
exf5 Bxd5 18. fxg6 Bxf3 19. gxf3 d5 20. h5 Qd7 21. Kg2 Nac6 22. Bd2 Nd4 23. Qc1 Nxf3 24. Bxh6 Nh4+ 25. Kh2 Nf3+ 26. Kg2 Nh4+ 27. Kh2 Nf3+ 28. Kg2 1/2-1/2

[Event "*** Titled Tuesday Blitz"]
[Site "Chess.com"]
[Date "2020.01.07"]
[Round "3"]
[White "norwaytoadog"]
[Black "newauto"]
[Result "1-0"]
[WhiteElo "2314"]
[BlackElo "2025"]
[TimeControl "180+2"]
[EndTime "13:37:04 PST"]
[Termination "norwaytoadog won by resignation"]

1. e4 c6 2. d4 d5 3. e5 Bf5 4.
Nf3 e6 5. Be2 c5 6. Be3 Qb6 7. c4 dxc4 8. Na3 Qxb2 9. Nxc4 Qc2 10. dxc5 Nc6 11. O-O Qxd1 12. Rfxd1 Nh6 13. Nd6+ Bxd6 14.
cxd6 Ng4 15. Bf4 f6 16. exf6 Nxf6 17. Bc4 Kd7 18. Ne5+ Nxe5 19. Bxe5 a6 20. f3 b5 21. Bb3 a5 22. g4 Bg6 23. Rac1 Rhc8 24. Rc7+ Rxc7 25.
dxc7+ Ke8 26. Bxe6 1-0

[Event "*** Titled Tuesday Blitz"]
[Site "Chess.com"]
[Date "2020.01.07"]
[Round "3"]
[White "Indianlad"]
[Black "cstevens1"]
[Result "1-0"]
[WhiteElo "2932"]
[BlackElo "2665"]
[TimeControl "180+2"]
[EndTime "13:37:06 PST"]
[Termination "Indianlad won by resignation"]

1. d4 Nf6 2. c4 Nc6 3. Nf3 e6 4. g3 Bb4+ 5. Bd2 Qe7 6. Nc3 d6 7. Rc1 O-O 8. d5 Nb8 9. Bg2 e5 10. O-O a5 11. a3 Bxc3 12. Bxc3 a4 13. Nh4 Nbd7 14. e4 Nc5 15. Qe2 Ne8 16. f4 f6 17.
f5 c6 18. Bf3 Qc7 19. Kh1 Qb6 20. g4 Nb3 21. Rcd1 Nd4 22. Bxd4 exd4 23. Rg1 Qd8 24. Rxd4 c5 25. Rdd1 Qe7 26. Qe3 Bd7 27. Rg3 Rf7 28.
Rdg1 h6 29. Ng6 Qd8 30. h4 b5 31. g5 fxg5 32. hxg5 hxg5 33. Rh3 1-0

[Event "*** Titled Tuesday Blitz"]
[Site "Chess.com"]
[Date "2020.01.07"]
[Round "3"]
[White "SoltaniciR"]
[Black "1stSecond"]
[Result "0-1"]
[WhiteElo "2627"]
[BlackElo "2830"]
[TimeControl "180+2"]
[EndTime "13:37:06 PST"]
[Termination "1stSecond won by resignation"]

1. e4 e5 2. Nf3 Nc6 3. Bb5 a6 4. Ba4 Nge7 5. c3 g6 6. d4 exd4 7. cxd4 Bg7 8. d5 b5 9. Bc2 Na5 10. Bd2 c5 11. Bc3 O-O 12. Bxg7 Kxg7 13. O-O d6 14. h3 Re8 15. Nbd2 Ng8 16. b3 Qf6 17. Re1 Bd7 18. Rb1 Rac8 19. Qc1 b4 20. Bd3 Bb5 21. Nc4 Nxc4 22. Bxc4 Re7 23. Qc2 Rce8 24. Qd3 Qc3 25. Qxc3+ bxc3 26. Rbc1 Rxe4 27. Rxe4 Rxe4 28. Rxc3 Nf6 29. a4 Bxc4 30. bxc4 Re2 31. Rb3 Ra2 32. Rb6 Rxa4 33. Rxd6 Rxc4 34. Rxa6 Nxd5 35. Ne5 Re4 36. Nd7 c4 37. Rc6 c3 38. Kh2 Re2 39. Kg3 c2 40. Kf3 Rd2 41. Ne5 Nb4 42.
Rc4 Rd1 0-1

[Event "*** Titled Tuesday Blitz"]
[Site "Chess.com"]
[Date "2020.01.07"]
[Round "3"]
[White "MFBerna"]
[Black "Ray_Yang"]
[Result "0-1"]
[WhiteElo "2474"]
[BlackElo "2275"]
[TimeControl "180+2"]
[EndTime "13:37:06 PST"]
[Termination "Ray_Yang won by resignation"]

1. e4 e6 2. d4 d5 3. e5 c5 4. c3 Qb6 5. Nf3 Nc6 6. a3 Nh6 7. Be2 cxd4 8. cxd4 Nf5 9. Nc3 Nfxd4 10. Nxd4 Qxd4 11.
Qb3 Qxe5 12. O-O Bc5 13. g3 Nd4 14. Qd1 Nxe2+ 15. Nxe2 O-O 16. Bf4 Qf6 17. Qd2 h6 18. Rac1 Bb6 19. Bd6 Rd8 20. Qb4 e5 21. Be7 Qf3 22.
Qh4 Re8 23. Rce1 Rxe7 24. Nf4 Re8 25. Nh5 Bg4 0-1

[Event "*** Titled Tuesday Blitz"]
[Site "Chess.com"]
[Date "2020.01.07"]
[Round "3"]
[White "Gr3egor"]
[Black "Sergey85Rodchenkov"]
[Result "1-0"]
[WhiteElo "2749"]
[BlackElo "2467"]
[TimeControl "180+2"]
[EndTime "13:37:07 PST"]
[Termination "Gr3egor won by resignation"]

1. d4 d5 2. c4 dxc4 3. e4 e5 4.
Nf3 exd4 5. Bxc4 Nc6 6. O-O Be6 7. Bxe6 fxe6 8. Qb3 Qd7 9. Qxb7 Rb8 10. Qa6 Bd6 11.
Rd1 Nf6 12. Nbd2 O-O 13. a3 e5 14. b4 Rb6 15. Qc4+ Kh8 16. Qe2 Rbb8 17. Nc4 Qe6 18. Bd2 Ne7 19. Ng5 Qd7 20. f4 Nc6 21. f5 Nd8 22.
Rac1 h6 23. Nf3 Nf7 24. Nh4 Rfc8 25. Ng6+ Kg8 26. g4 c5 27. h4 cxb4 28. axb4 Bxb4 29. Bxb4 Rxb4 30. Ncxe5 Nxe5 31. Nxe5 Qe8 32. Rxc8 Qxc8 33. g5 Qe8 34. Qa2+ Kh8 35. Nf7+ 1-0

[Event "*** Titled Tuesday Blitz"]
[Site "Chess.com"]
[Date "2020.01.07"]
[Round "3"]
[White "Durarbayli"]
[Black "TST2014"]
[Result "1-0"]
[WhiteElo "2846"]
[BlackElo "2506"]
[TimeControl "180+2"]
[EndTime "13:37:08 PST"]
[Termination "Durarbayli won by resignation"]

1. e4 c5 2. Nf3 Nc6 3. Bc4 e6 4. O-O d5 5. exd5 exd5 6. Re1+ Be7 7. Bb5 Nf6 8. d4 O-O 9. dxc5 Bxc5 10. Be3 Qb6 11.
Bxc5 Qxc5 12. Bd3 Bg4 13. Nbd2 Rfe8 14. h3 Bh5 15. c3 Rxe1+ 16. Qxe1 Re8 17. Qf1 Ne4 18.
Re1 f5 19. Nb3 Qb6 20. Nfd4 Ne5 21. Bb5 Rf8 22. Be2 Bg6 23. f4 Nc6 24. Rd1 Re8 25. Kh2 a5 26. Bb5 Re7 27. a4 Bh5 28. Re1 Rf7 29. Qd3 Rf6 30. Qe3 Bf7 31. Nxc6 Qd4 32. Ncxd4 1-0

[Event "*** Titled Tuesday Blitz"]
[Site "Chess.com"]
[Date "2020.01.07"]
[Round "3"]
[White "Sebastian"]
[Black "Kumi29"]
[Result "1-0"]
[WhiteElo "2942"]
[BlackElo "2514"]
[TimeControl "180+2"]
[EndTime "13:37:14 PST"]
[Termination "Sebastian won by resignation"]

1. e4 d5 2. exd5 Qxd5 3. Nc3 Qd8 4. d4 Nf6 5. Nf3 g6 6. h3 Bg7 7. Bc4 O-O 8. O-O Nc6 9. a3 e6 10. Bg5 Ne7 11. Qd2 b6 12. Rad1 Bb7 13. Ne5 Ned5 14.
Rfe1 Nxc3 15. bxc3 Qd6 16. Qf4 Nd5 17. Bxd5 Qxd5 18.
Nf3 Qc4 19. Be7 Rfe8 20. Bf6 Bxf3 21. Bxg7 Kxg7 22. Qxf3 c5 23. h4 Rad8 24. h5 cxd4 25. h6+ Kxh6 26. Qf6 dxc3 27. Rxd8 Rxd8 28. Qxd8 Qa4 29.
Qf6 Qxc2 30. Re3 Qd1+ 31. Kh2 Qd6+ 32. f4 1-0

[Event "*** Titled Tuesday Blitz"]
[Site "Chess.com"]
[Date "2020.01.07"]
[Round "3"]
[White "Region_07"]
[Black "chessking2151"]
[Result "0-1"]
[WhiteElo "2376"]
[BlackElo "2602"]
[TimeControl "180+2"]
[EndTime "13:37:16 PST"]
[Termination "chessking2151 won by resignation"]

1. d4 Nf6 2. Bg5 Ne4 3. h4 d5 4.
e3 c5 5. Bd3 cxd4 6. exd4 Nc6 7. c3 Bf5 8. Nf3 Qc7 9. Qe2 e6 10. Nbd2 Nxd2 11. Qxd2 Bg4 12. Qe3 Bd6 13. h5 f6 14. Bh4 Bf4 15. Qe2 e5 16. dxe5 fxe5 17. O-O O-O 18. Bb5 e4 19. Bxc6 bxc6 0-1

[Event "*** Titled Tuesday Blitz"]
[Site "Chess.com"]
[Date "2020.01.07"]
[Round "3"]
[White "parmupill123"]
[Black "promen1999"]
[Result "0-1"]
[WhiteElo "2482"]
[BlackElo "2783"]
[TimeControl "180+2"]
[EndTime "13:37:23 PST"]
[Termination "promen1999 won by resignation"]

1. e4 c5 2. Nc3 Nc6 3. g3 g6 4. Bg2 Bg7 5. d3 d6 6. Be3 e6 7.
Qd2 Rb8 8. Nge2 Nd4 9. Nc1 b5 10. O-O Ne7 11. Nd1 b4 12. c3 Ndc6 13. Bh6 O-O 14.
Bxg7 Kxg7 15. Ne3 e5 16. Ne2 bxc3 17. bxc3 Ba6 18. Rfd1 Qa5 19. f4 Rb7 20. f5 f6 21.
fxg6 hxg6 22. Rac1 Rfb8 23. Rf1 Rb2 24. Rc2 Qxa2 25. Ng4 Ng8 26. Rfc1 Rxc2 27. Rxc2 Qb1+ 28. Kf2 Na5 29. Nc1 c4 30. d4 Nb3 31. Qd1 exd4 32. cxd4 Nxd4 33. Rd2 Rb2 34. Ne3 c3 0-1

[Event "*** Titled Tuesday Blitz"]
[Site "Chess.com"]
[Date "2020.01.07"]
[Round "3"]
[White "hazy13"]
[Black "Induwara_IM"]
[Result "0-1"]
[WhiteElo "2212"]
[BlackElo "2368"]
[TimeControl "180+2"]
[EndTime "13:37:26 PST"]
[Termination "Induwara_IM won by resignation"]

1. d4 Nf6 2. c4 g6 3. Nc3 Bg7 4. e4 d6 5. f3 O-O 6. Be3 Nc6 7.
Qd2 a6 8. Nge2 Rb8 9. Ng3 e5 10. d5 Nd4 11. Nge2 c5 12. dxc6 bxc6 13. Nxd4 exd4 14.
Bxd4 d5 15. cxd5 cxd5 16. Nxd5 Nxd5 17. Bxg7 Kxg7 18. exd5 Re8+ 19. Be2 Qh4+ 20. g3 Qf6 21. Rb1 Bf5 22. O-O Bxb1 23. Rxb1 Qe5 24. Bc4 a5 25. b3 a4 26. Kf2 axb3 27. axb3 Rec8 28. Re1 Qf6 29.
d6 Rxc4 30. d7 Rd4 31. Re8 0-1

[Event "*** Titled Tuesday Blitz"]
[Site "Chess.com"]
[Date "2020.01.07"]
[Round "3"]
[White "PowerThinking2650"]
[Black "GianmarcoVaR"]
[Result "0-1"]
[WhiteElo "2363"]
[BlackElo "2575"]
[TimeControl "180+2"]
[EndTime "13:37:27 PST"]
[Termination "GianmarcoVaR won by resignation"]

1. e4 c6 2. d4 d5 3. Nc3 dxe4 4. Nxe4 Bf5 5. Ng3 Bg6 6. Nf3 Nd7 7. h4 h6 8. h5 Bh7 9. Bd3 Bxd3 10. Qxd3 e6 11. Bf4 Qa5+ 12. Kf1 Ngf6 13. c4 Rd8 14. Qc2 Be7 15.
Rh3 O-O 16. Kg1 Rfe8 17. c5 Nd5 18. Bd2 Qc7 19. Re1 b6 20. b4 a5 21. a3 axb4 22.
axb4 bxc5 23. bxc5 N7f6 24. Ne5 Ra8 25. Bxh6 gxh6 26.
Nxf7 Nf4 27. Nxh6+ Kh8 28. Nf7+ Kg7 29. Rh4 Kxf7 30.
Qg6+ Nxg6 0-1

[Event "*** Titled Tuesday Blitz"]
[Site "Chess.com"]
[Date "2020.01.07"]
[Round "3"]
[White "ValeriyGrinev"]
[Black "Keranke"]
[Result "1-0"]
[WhiteElo "2554"]
[BlackElo "2729"]
[TimeControl "180+2"]
[EndTime "13:37:28 PST"]
[Termination "ValeriyGrinev won by resignation"]

1. d4 g6 2. c4 Bg7 3. e4 d6 4. Nc3 Nf6 5. Nf3 O-O 6. Be2 Bg4 7.
O-O Nfd7 8. Be3 Nc6 9. d5 Bxf3 10. gxf3 Na5 11. Rc1 c5 12. f4 Nb6 13. b3 e6 14.
Bg4 exd5 15. exd5 f5 16. Bf3 Nd7 17. Qd2 a6 18. Ne2 b5 19. Qd3 Rb8 20. Bd2 Re8 21.
Bc3 Bxc3 22. Qxc3 bxc4 23. bxc4 Rb4 24. Qd3 Nb6 25. Nc3 Naxc4 26. Rfe1 Rb2 27. Re6 Rd2 28. Qb1 Rxe6 29. dxe6 d5 30. Nxd5 Nxd5 31. Rxc4 Qh4 32.
Qe1 Nb6 33. e7 1-0

[Event "*** Titled Tuesday Blitz"]
[Site "Chess.com"]
[Date "2020.01.07"]
[Round "3"]
[White "TheBigBoss04"]
[Black "boasovietica"]
[Result "1-0"]
[WhiteElo "2729"]
[BlackElo "2479"]
[TimeControl "180+2"]
[EndTime "13:37:33 PST"]
[Termination "TheBigBoss04 won by resignation"]

1. Nf3 d6 2. b3 c5 3. Bb2 Nc6 4. e3 e5 5. c4 g6 6. d4 exd4 7. exd4 Bg7 8. Be2 Nge7 9. O-O Nf5 10. Re1 O-O 11. Nc3 Nfxd4 12. Nxd4 Nxd4 13. Qd2 Be6 14. Rad1 Qd7 15. Ne4 h6 16. Bxd4 Bxd4 17. Qxd4 cxd4 18.
Nf6+ Kg7 19. Nxd7 Bxd7 20. Rxd4 Rfe8 21. Rxd6 Bc6 22. f3 Re7 23. Kf2 Rae8 24. Rdd1 Kf6 25. b4 Ba4 26. Rd2 a6 27. Rc1 Re3 28. Bd3 g5 29.
Be4 Ra3 30. Bxb7 Rb8 31. Bxa6 Rxb4 32. c5 Be8 33. c6 Rxa6 34. c7 Bd7 35. Rxd7 Rxa2+ 36. Ke3 Rb3+ 37. Rd3 Rbb2 38. c8=Q Re2+ 1-0

[Event "*** Titled Tuesday Blitz"]
[Site "Chess.com"]
[Date "2020.01.07"]
[Round "3"]
[White "Alexander_Donchenko"]
[Black "GoldenShare"]
[Result "1-0"]
[WhiteElo "2750"]
[BlackElo "2473"]
[TimeControl "180+2"]
[EndTime "13:37:35 PST"]
[Termination "Alexander_Donchenko won by resignation"]

1. e4 e6 2. d4 d5 3. Nd2 Be7 4.
Ngf3 Nf6 5. Bd3 c5 6. exd5 Qxd5 7. dxc5 Qxc5 8. O-O O-O 9. Qe2 Qc7 10. Ne4 Nbd7 11. Bg5 h6 12. Bh4 b6 13. Bg3 Qc6 14. Nxf6+ Nxf6 15.
Ne5 Qc5 16. Qf3 Qd5 17. Nc6 Bc5 18. b4 Bb7 19. Bb5 Qxf3 20. gxf3 a6 21. bxc5 axb5 22.
Ne7+ Kh7 23. c6 Ba6 24. Rfd1 Rfe8 25. Bd6 Ra7 26. c7 b4 27. Rab1 Bc4 28. Rxb4 Bxa2 29.
Rxb6 Nd5 30. Nxd5 Bxd5 31. Rb8 Ra8 32. Rdb1 Bxf3 33. Rxe8 Rxe8 34. Rb8 1-0

[Event "*** Titled Tuesday Blitz"]
[Site "Chess.com"]
[Date "2020.01.07"]
[Round "3"]
[White "semchik73"]
[Black "korbul"]
[Result "0-1"]
[WhiteElo "2330"]
[BlackElo "2617"]
[TimeControl "180+2"]
[EndTime "13:37:35 PST"]
[Termination "korbul won by resignation"]

1. Nf3 d5 2. c4 e6 3. d4 Nf6 4.
Nc3 Be7 5. Bg5 Nbd7 6. e3 h6 7. Bh4 O-O 8. Bd3 c5 9. cxd5 Nxd5 10. Bxe7 Nxe7 11. O-O b6 12. Bc2 Bb7 13. Qd3 Nf6 14. Ne5 cxd4 15. exd4 Rc8 16. Ng4 Nf5 17. Ne3 Nxd4 18. Ned5 Nxc2 19. Nxf6+ Qxf6 20. Qxc2 Rfd8 21. Qa4 a6 22. Rad1 b5 23. Qg4 Qg5 24. Qh3 Rd2 25. Rxd2 Qxd2 26. Qg3 Qxb2 27. Nd1 Qd4 28. Ne3 Qe4 29.
h3 b4 30. Rd1 a5 31. Ng4 Qg6 32. Rd7 Bd5 33. Rxf7 h5 34. Ne5 Qxg3 35. fxg3 Rc2 36. Ra7 Rxg2+ 37. Kf1 Rxa2 38. Ng6 b3 39. Ra6 b2 40.
Rb6 Ra1+ 0-1

[Event "*** Titled Tuesday Blitz"]
[Site "Chess.com"]
[Date "2020.01.07"]
[Round "3"]
[White "Babbelbox"]
[Black "MatthewG-p4p"]
[Result "0-1"]
[WhiteElo "2507"]
[BlackElo "2854"]
[TimeControl "180+2"]
[EndTime "13:37:37 PST"]
[Termination "MatthewG-p4p won by resignation"]

1. e4 e6 2. d4 d5 3. Nd2 a6 4.
Ngf3 Nf6 5. e5 Nfd7 6. Bd3 c5 7. c3 Nc6 8. O-O g5 9. Nb3 h6 10. Bc2 g4 11. Ne1 h5 12. Kh1 f5 13. Bf4 h4 14.
Qd2 Qb6 15. Rb1 Be7 16. f3 g3 17. h3 cxd4 18. cxd4 a5 19. Be3 a4 20. Nc1 Bb4 21. Qd1 Ndxe5 22. Bxa4 Ng6 23. Ned3 Bd6 24. f4 Bd7 25. Ne5 Ncxe5 0-1

[Event "*** Titled Tuesday Blitz"]
[Site "Chess.com"]
[Date "2020.01.07"]
[Round "3"]
[White "Sjakkerntobi"]
[Black "bestluluNA"]
[Result "1-0"]
[WhiteElo "2298"]
[BlackElo "2534"]
[TimeControl "180+2"]
[EndTime "13:37:41 PST"]
[Termination "Sjakkerntobi won on time"]

1. e4 e5 2. Nf3 Nc6 3. Bb5 a6 4. Ba4 Nf6 5. O-O Be7 6. Re1 b5 7. Bb3 d6 8. c3 O-O 9. d3 Bb7 10. Nbd2 Na5 11. Bc2 c5 12. Nf1 Re8 13. Ng3 h6 14. d4 cxd4 15. cxd4 exd4 16. Nxd4 Bf8 17.
Ndf5 Rc8 18. Bf4 d5 19. e5 Nd7 20. Rc1 Nc4 21. Qg4 Kh8 22. Nxh6 Qe7 23. Nxf7+ Kg8 24. Nd6 Nxd6 25. Qg6 Qh4 26. Bg5 Qh8 27. exd6 Rxe1+ 28. Rxe1 Nc5 29. d7 Rc6 30. Qxc6 Bxc6 31. d8=Q Qh5 32. Nxh5 1-0

[Event "*** Titled Tuesday Blitz"]
[Site "Chess.com"]
[Date "2020.01.07"]
[Round "3"]
[White "gmasterkiller"]
[Black "SavelievAlexei"]
[Result "0-1"]
[WhiteElo "2597"]
[BlackElo "2325"]
[TimeControl "180+2"]
[EndTime "13:37:47 PST"]
[Termination "SavelievAlexei won by resignation"]

1. e4 e5 2. Nf3 Nc6 3. Nc3 d6 4. d4 Nf6 5. dxe5 Nxe5 6. Nxe5 dxe5 7. Qxd8+ Kxd8 8. Bc4 Be6 9. Bxe6 fxe6 10. f3 Bd6 11. Be3 Ke7 12. Ke2 a6 13. Rad1 h6 14. h4 Nh5 15. g4 Ng3+ 16. Kf2 Nxh1+ 17. Rxh1 h5 18.
gxh5 Rxh5 19. Rg1 Kf7 20. Bg5 Rh7 21. Rd1 Ke8 22. Ne2 Be7 23. Kg3 Rd8 24. Rxd8+ Kxd8 25. Bxe7+ Kxe7 26. Nc1 Kf6 27. Nd3 b6 28. Nf2 Ke7 29. Kg4 Rh8 30. h5 Rf8 31. Kg3 Rd8 32. Ng4 Rd2 33. Nxe5 Rxc2 34. b4 Rxa2 35. Kf4 a5 36.
bxa5 bxa5 37. Kg5 a4 38. Kg6 Rg2+ 39. Kh7 a3 40. Nc6+ Kf6 41. e5+ Kf5 42. Nb4 a2 43.
Nxa2 Rxa2 44. Kxg7 Rg2+ 45. Kf7 Rh2 0-1

[Event "*** Titled Tuesday Blitz"]
[Site "Chess.com"]
[Date "2020.01.07"]
[Round "3"]
[White "Gabrielian_Artur"]
[Black "Alex_Molchanov"]
[Result "1-0"]
[WhiteElo "2799"]
[BlackElo "2578"]
[TimeControl "180+2"]
[EndTime "13:37:50 PST"]
[Termination "Gabrielian_Artur won by resignation"]

1. e4 c6 2. d4 d5 3. Nd2 dxe4 4. Nxe4 Bf5 5. Ng3 Bg6 6. c3 e6 7. Nh3 Bd6 8. Nf4 Ne7 9. h4 Qc7 10. Qf3 Nd7 11. h5 Bf5 12. h6 gxh6 13. Nxf5 Nxf5 14. g4 Ne7 15. Nd3 O-O-O 16. Bxh6 f5 17.
O-O-O Rhg8 18. gxf5 Nxf5 19. Bd2 Rdf8 20. Qe4 Re8 21.
Rxh7 Qa5 22. Rxd7 Kxd7 23. Ne5+ Bxe5 24. dxe5 Kc8 25. Bc4 Rgf8 26. Bb3 Kb8 27. Bg5 Ne7 28. Bxe6 Nc8 29. Bxc8 Kxc8 30. f4 Qxa2 31. Kc2 Qa4+ 32. Qxa4 1-0